Cogmind - Beta 13 @@@ ROGUE MODE // 2024.04.01 @ 19:17:44 Player: DeluxeH30 Result: Destroyed by G-34 Mercenary with Small Laser Performance ------------- Evolutions (0) 0 Regions Visited (1) 200 Robots Destroyed (16) 80 Value Destroyed (323) 323 Prototype IDs (0) 0 Alien Tech Used (0) 0 Bonus (0) 0 TOTAL SCORE: 603 Bonus ------- None Cogmind --------- Core Integrity 0/250 Matter 261/300 Energy 100/100 System Corruption 0% Temperature Warm (110) Movement Walking (120) Location -10/Materials Parts ------- > --- POWER (1) -------- (None) > --- PROPULSION (2) --- Aluminum Leg Aluminum Leg > --- UTILITY (2) ------ Small Storage Unit Targeting Computer > --- WEAPON (2) ------- Light Assault Rifle > --- INVENTORY (8) ---- Light Ion Engine Light Nuclear Core Aluminum Leg Aluminum Leg Weight Redist. System Propulsion Shielding Light Armor Plating Light Assault Rifle Peak State ------------ > --- POWER ------------ Light Ion Engine > --- PROPULSION ------- Aluminum Leg Aluminum Leg > --- UTILITY ---------- Small Storage Unit Targeting Computer > --- WEAPON ----------- Small Laser Assault Rifle > --- INVENTORY -------- Light Ion Engine Light Ion Engine Light Nuclear Core Aluminum Leg Aluminum Leg Aluminum Leg Small Laser Beam Cannon [Rating: 8] Favorites ----------- Power Light Ion Engine Engine Light Ion Engine Propulsion Aluminum Leg Leg Aluminum Leg Utility Small Storage Unit Storage Small Storage Unit Processor Targeting Computer Weapon Assault Rifle Energy Gun Small Laser Energy Cannon Beam Cannon Ballistic Gun Assault Rifle Build | -11 -10 ------- Run | Yrd Mat Slots Evolved . | . . Power . | . . Propulsion . | . . Utility . | . . Weapon . | . . Parts Attached 20 | 6 14 Power 5 | 2 3 Engine 5 | 2 3 Core . | . . Reactor . | . . Propulsion 5 | 1 4 Treads . | . . Leg 5 | 1 4 Wheel . | . . Hover . | . . Flight . | . . Utility 2 | 1 1 Device . | . . Storage 1 | 1 . Processor 1 | . 1 Hackware . | . . Protection . | . . Artifact . | . . Weapon 8 | 2 6 Energy Gun 3 | 1 2 Energy Cannon 2 | . 2 Ballistic Gun 3 | 1 2 Ballistic Cannon . | . . Launcher . | . . Special Weapon . | . . Impact Weapon . | . . Slashing Weapon . | . . Piercing Weapon . | . . Special Melee Weapon . | . . Unidentified Prototypes . | . . Parts Lost 4 | . 4 Power 2 | . 2 Propulsion . | . . Utility . | . . Weapon 2 | . 2 Highest Loss Streak 2 | . 2 To Critical Strikes . | . . Average Slot Usage (%) 95 | . 95 Engine 13 | . 13 Leg 27 | . 27 Storage 14 | . 14 Processor 11 | . 11 Energy Gun 9 | . 9 Energy Cannon 3 | . 3 Ballistic Gun 14 | . 14 Naked Turns . | . . Heaviest Build 13 | 12 13 Greatest Support 20 | 10 20 Greatest Overweight (x) 1 | 1 1 Average Overweight (x) . | . . Largest Inventory Capacity 8 | 8 8 Average Capacity 7 | 6 8 Most Carried 8 | 5 8 Average Carried 6 | 2 7 Final Capacity 8 | 8 8 Final Carried 8 | 4 8 Class Distribution -------------------- 100% | Mutant Dominant Class ---------------- Mutant | -10/Materials Resources | -11 -10 ----------- Run | Yrd Mat Matter Collected 485 | 284 201 Remotely . | . . Salvage Created 637 | 100 537 Parts 34 | 4 30 Haulers Intercepted 1 | . 1 Recyclers Shooed 2 | . 2 Parts Field Recycled . | . . Retrieved Matter . | . . Parts Self-Destructed . | . . Prevented . | . . Kills | -11 -10 ------- Run | Yrd Mat Combat Hostiles Destroyed 10 | . 10 Guns 8 | . 8 Cannons 2 | . 2 Classes Destroyed 7 | 2 5 Builder 1 | . 1 Tunneler 1 | 1 . Hauler 1 | . 1 Recycler 2 | 1 1 Watcher 1 | . 1 Swarmer 3 | . 3 Grunt 7 | . 7 Best Kill Streak 4 | 2 4 Combat Bots Only 3 | . 3 Max Kills in Single Turn 2 | 1 2 Gunslinging 1 | . 1 Exploded . | . . Melee . | . . Uniques/NPCs Destroyed . | . . Combat | -11 -10 -------- Run | Yrd Mat Hostile Shots Fired 117 | . 117 Missed 29 | . 29 Damage Taken 928 | . 928 Core 260 | . 260 Absorbed by Shields . | . . Core Remaining (%) 100 | 100 . Volleys Fired 70 | 9 61 Largest 2 | 1 2 Hottest 100 | 20 100 Shots Fired 119 | 9 110 Gun 101 | 9 92 Cannon 18 | . 18 Launcher . | . . Special . | . . Kinetic 76 | 9 67 Thermal 43 | . 43 Explosive . | . . Electromagnetic . | . . Robot Hit Streak 8 | 3 8 Robot Miss Streak 10 | 2 10 Penetration Max . | . . Secondary Targets 2 | . 2 Max Gunslinging Chain 1 | . 1 Shots Hit Robots 64 | 5 59 Core Hits 28 | 2 26 Critical Kills 1 | 1 . Critical Parts Destroyed . | . . Critical Strikes 1 | 1 . Destroy 1 | 1 . Melee Attacks . | . . Impact . | . . Slashing . | . . Piercing . | . . Sneak Attacks . | . . Combat Hostiles . | . . Follow-up Attacks . | . . Damage Inflicted 834 | 77 757 Guns 600 | 77 523 Cannons 228 | . 228 Explosions . | . . Melee . | . . Ramming 6 | . 6 Kinetic 495 | 77 418 Thermal 333 | . 333 Explosive . | . . Electromagnetic . | . . Impact . | . . Slashing . | . . Piercing . | . . Highest Corruption . | . . Average Corruption . | . . Corruption Purged . | . . Corruption Blocked . | . . Overload Shots . | . . Overflow Damage . | . . Projectiles . | . . Explosions . | . . Melee . | . . Knockbacks . | . . Impact . | . . Kinetic . | . . Secondary . | . . Self-Inflicted Damage . | . . Shots . | . . Rammed . | . . Targets Rammed 3 | . 3 Kicked 3 | . 3 Crushed . | . . Highest Temperature 202 | . 202 Average Temperature 50 | . 50 Received Heat Transfer 423 | . 423 Siege Activations . | . . Robots Corrupted . | . . Combat Hostiles . | . . Parts Fried . | . . Impact Corruptions . | . . Robots Melted . | . . Combat Hostiles . | . . Parts Melted 2 | . 2 Heat Transferred 742 | . 742 Parts Sabotaged . | . . Parts Stolen . | . . Parts Stripped . | . . Power Chain Reactions . | . . Alert | -11 -10 ------- Run | Yrd Mat Peak Influence 236 | 10 236 Initial 6 | . 6 Average 93 | 7 105 Maximum Alert Level 1 | . 1 Low Security (%) 96 | 100 96 Level 1 3 | . 3 Level 2 . | . . Level 3 . | . . Level 4 . | . . Level 5 . | . . High Security . | . . Max Security . | . . Squads Dispatched 3 | . 3 Investigation 2 | . 2 Extermination . | . . Reinforcement 1 | . 1 Assault . | . . Garrison . | . . Intercept . | . . Searches Triggered . | . . Construction Impeded . | . . Haulers Reinforced . | . . Active Scanning Responses . | . . Cargo Convoy Interrupts . | . . Stealth | -11 -10 --------- Run | Yrd Mat Distress Signals 1 | . 1 Communications Jammed . | . . Distress Signals . | . . Times Spotted 21 | . 21 Peak Tracking Total 4 | . 4 Tactical Retreats . | . . Traps | -11 -10 ------- Run | Yrd Mat Traps Triggered 1 | . 1 Indirectly . | . . Trap Hack Attempts . | . . Triggered . | . . Disarmed . | . . Reprogrammed . | . . Reused . | . . Traps Extracted . | . . Installed . | . . Triggered . | . . Machines | -11 -10 ---------- Run | Yrd Mat Machines Disabled . | . . Max in Single Turn . | . . Machines Repaired . | . . Machines Dismantled . | . . Machines Sabotaged . | . . Overloaded Fab Kills . | . . Hacking | -11 -10 --------- Run | Yrd Mat Machines Accessed 6 | . 6 Terminals 4 | . 4 Fabricators . | . . Repair Stations . | . . Recycling Units 2 | . 2 Scanalyzers . | . . Garrison Access . | . . Total Hacks 25 | . 25 Successful 13 | . 13 Failed 12 | . 12 Catastrophic 2 | . 2 Database Lockouts . | . . Manual . | . . Terminals 18 | . 18 Fabricators . | . . Repair Stations . | . . Recycling Units 7 | . 7 Scanalyzers . | . . Garrison Access . | . . Terminal Hacks 9 | . 9 Alert Level 2 | . 2 Dispatch Records 1 | . 1 Surveillance Status 1 | . 1 Transport Status 1 | . 1 Investigation Status 1 | . 1 Hauler Manifests 2 | . 2 Zone Layout 1 | . 1 Fabricator Hacks . | . . Repair Station Hacks . | . . Recycling Unit Hacks 4 | . 4 Process 1 | . 1 Report Inventory 2 | . 2 Retrieve Components 1 | . 1 Scanalyzer . | . . Garrison Access Hacks . | . . Unauthorized Hacks . | . . Terminals . | . . Fabricators . | . . Repair Stations . | . . Recycling Units . | . . Scanalyzers . | . . Garrison Access . | . . Data Cores Recovered . | . . Used . | . . Hacking Detections 5 | . 5 Full Trace Events 1 | . 1 Feedback Events . | . . Feedback Blocked . | . . Robot Schematics Acquired . | . . Robots Built . | . . Authchips . | . . Time . | . . Total Robot Build Rating . | . . Part Schematics Acquired . | . . Parts Built . | . . Authchips . | . . Time . | . . Total Part Build Rating . | . . Parts Repaired . | . . Time . | . . Parts Recycled . | . . Recycled Matter 20 | . 20 Retrieved Matter . | . . Retrieved Components 3 | . 3 Parts Scanalyzed . | . . Part Schematics Acquired . | . . Parts Damaged . | . . Bothacking | -11 -10 ------------ Run | Yrd Mat Used RIF Installer . | . . Robots Hacked . | . . Non-combat . | . . Combat . | . . Robot Hacks Applied . | . . Relay Couplers Released . | . . Fabnet Peak Effective % . | . . Robots Rewired . | . . Allies Hacked . | . . Hacks Repelled . | . . Allies | -11 -10 -------- Run | Yrd Mat Total Allies . | . . Largest Group . | . . Highest-Rated Group . | . . Highest-Rated Ally . | . . Total Orders . | . . Ally Attacks . | . . Total Damage . | . . Kills . | . . Allies Corrupted . | . . Allies Melted . | . . Intel | -11 -10 ------- Run | Yrd Mat Robot Analysis Total . | . . Derelict Logs Recovered . | . . Drone Launches . | . . Drone Recoveries . | . . Exploration | -11 -10 ------------- Run | Yrd Mat Turns Passed 752 | 94 658 Spaces Moved 348 | 46 302 Core 6 | 6 . Treads . | . . Legs 342 | 40 302 Wheels . | . . Hover . | . . Flight . | . . Fastest Speed 50 | 50 120 Average Speed 123 | 135 122 Slowest Speed 190 | 190 190 Overloaded Moves . | . . Propulsion Burnouts . | . . Robots Hopped . | . . Cave-ins Triggered . | . . Exploration Rate (%) 25 | 5 45 Regions Visited 1 Branch Regions . Pre-discovered Areas . | . . Known Exits Taken . | . . Unknown Exits Taken 1 | 1 . Scrap Searched . | . . Spaces Dug . | . . Terrain Destroyed . | . . Melee . | . . Projectile . | . . AOE . | . . Terrain Rammed . | . . Walls Destroyed . | . . Machines Disabled . | . . Actions | -11 -10 --------- Run | Yrd Mat Total 559 | 69 490 Wait 82 | . 82 Move 347 | 45 302 Hop . | . . Pick Up 27 | 9 18 Fast Attach . | . . Attach 9 | 5 4 Detach . | . . Swap 11 | 1 10 Drop 10 | . 10 Fire 70 | 9 61 Melee . | . . Ram . | . . Kick 3 | . 3 Crush . | . . Escape Stasis . | . . Rewire . | . . Trap . | . . Miscellaneous . | . . Route ------- -11/Scrapyard -10/Materials (discovered 1 exit: [*Mat]) History --------- Turn | Location | Event 5 | -11/Scrapyard | Discovered new exit (range 15) 95 | -11/Scrapyard | Entered Materials 312 | -10/Materials | Build established: Mutant 467 | -10/Materials | Discovered new exit (range 8) 690 | -10/Materials | Core integrity fell below 50% 714 | -10/Materials | Core integrity fell below 20% 753 | -10/Materials | Destroyed by G-34 Mercenary with Small Laser Last Messages --------------- Recycling at 100% efficiency: Lgt. Ion Engine (9) Hcp. Matter Pod (11) 00655_ ALERT: Suspicious activity at Recycling Unit M001. Dispatching Investigation squad. 00664_ Dropped Aluminum Leg. 00665_ Acquired Lgt. Assault Rifle. 00683_ Kicked U-05 Engineer out of the way. 00683_ W-16 Scout sends out distress signal. 00696_ Kicked W-16 Scout. 00697_ W-16 Scout destroyed. 00697_ Switching to secondary target: G-34 Mercenary. 00699_ K-01 Serf collects debris. 00716_ M-13 Machinist repairs G-34 Mercenary. 00728_ G-34 Mercenary destroyed. 00731_ M-13 Machinist repairs G-34 Mercenary. 00741_ Beam Cannon destroyed. 00744_ Sml. Laser melted. 00744_ G-34 Mercenary destroyed. 00749_ Lgt. Ion Engine destroyed. Map ----- +----------------------------------------------------+ | ?????????????????????????????????????? | | ?????????????????????????????????????? | | ?????????????????????????????????????? | | ?????????????????????????????????????? | | ?????????????????????????????????????? | | ?????????????????????????????????????? | | ?????????????????????????????????????? | | ?????????????????????????????????????? | | ???????????????????? ????????????????? | | ??????????????????? ????????????????? | | ??????????????????? ????????????????? | | ??????????????????? ????????????????? | | ??????????????????? #????????????????? | | ??????????????????? #????????????????? | | ?????????#????????? #????????????????? | | ????????? ????????? ????????????????? | | ????????? ?????####/##???????????????? | | ????????# ?????# ???????????????? | | ????????# #????? ????????????????? | | ????????# #????? ????????????????? | | ????????# #?????? ?????????????????? | | ????????# #??????=%*?????????????????? | | ????????# #??????#/##############????? | | ?######## #??????#=# =#????? | | ?# ! # ######## # "" """ #????? | | ?# # @%=gm # "Y """ #????? | | ?# "" + = %= + "" """ #????? | | ?# "T # u # #????? | | ?# "" # ######## #????? | | ?# # a#????################????? | | ?######## #????# #??????????? | | ????????# #????# "" #?????????+ | | ????????# !###### "T #?????????# | | ????????# *!!![%%+ "" [[#?????????# | | ????????# *###### [ #?????????# | | ????????# *%#????# #?????????# | | ????????# [!#????########?????????# | | ????????# [ #???????????###???????#^ | | ????????#=% ########### ?????? | | ????????# | #????????? | | ????????+ #????????? | | ????????# ==* #????????? | | ????????###%########### #????????? | | ????????###+####???????# #?????????? | | ????????# * #???????# ###???????? | | ????????# """ #???????# # #???????? | | ????????# """ #???????+ ????????? | | ????????# """ #???????# #?????????? | | ????????# #???????# #?????????? | | ??????#?# #??????## ##????????? | +----------------------------------------------------+ Best States ------------- Heat Dissipation 25 Energy Generation 10 Energy Capacity 250 Matter Stores 300 Matter Capacity 300 Sight Range 16 Terrain Scan Density 10 Evasion (%) 55 Targeting Accuracy 5 Item Schematics ----------------- None Robot Schematics ------------------ None Fabricated ------------ Nothing Alien Tech Used ----------------- None Achievements -------------- None Challenges ------------ None Game ------ Seed ArmorCoolantMultirail Manual? 0 Play Time 00:12:38 Cumulative 10.7 hours Start 2024.04.01 @ 19:07:34 End 2024.04.01 @ 19:17:44 Sessions 1 Manual Loads 0 Difficulty Rogue Special Mode None Game No. 15 Rogue 15 Adventurer 0 Explorer 0 Win Type - Total 0 Types 0/0/0/0/0/0/0/0/0 Lore% 9 Gallery% 17 Achievement% 12 Wizard Run 0 Options --------- Layout 0 ASCII 0 Keyboard 0 Movement Mouse Keybinds 0 Fullscreen 2 Font 24/Smallcaps Map View 76x50 Zoom Use 0% Tactical HUD 1 Map Filters NONE Filters NONE Steam 1 RUN: 92245ef8-e646-4fa2-a003-92f63deb0699